 Dungeon Crawl Stone Soup version 0.29-a0-296-gda187f2e07 (webtiles) character file.

Game seed: 6082085961417921448

66 Keinsiegistauchsieg the Covered (level 3, 0/33 HPs)
             Began as a Minotaur Fighter on Mar 19, 2022.
             Slain by a goblin
             ... wielding a +0 club
             ... led by Robin
              (1 damage)
             ... on level 3 of the Dungeon.
             The game lasted 00:01:53 (2086 turns).

Keinsiegistauchsieg the Covered (Minotaur Fighter)  Turns: 2086, Time: 00:01:54

Health: 0/33       AC:  7    Str: 22    XL:     3   Next: 96%
Magic:  2/2        EV:  9    Int:  5    God:
Gold:   177        SH:  4    Dex:  9    Spells: 2/2 levels left

rFire   . . .      SeeInvis .   a - +0 war axe
rCold   . . .      Faith    .   c - +0 buckler
rNeg    . . .      Spirit   .   b - +0 scale mail
rPois   .          Reflect  .   (helmet restricted)
rElec   .          Harm     .   (no cloak)
rCorr   .          Rampage  .   (no gloves)
Will    .....                   (no boots)
Stlth   ..........              (no amulet)
HPRegen 0.11/turn               (no ring)
MPRegen 0.08/turn               (no ring)

@: no status effects
A: horns 2, retaliatory headbutt
a: no special abilities


You were on level 3 of the Dungeon.
You visited 1 branch of the dungeon, and saw 3 of its levels.

You collected 177 gold pieces.

Inventory:

Hand Weapons
 a - a +0 war axe (weapon)
Armour
 b - a +0 scale mail (worn)
 c - a +0 buckler (worn)
Scrolls
 f - a scroll of teleportation {unknown}
 g - a scroll of amnesia {unknown}
 i - a scroll of noise {unknown}
 k - a scroll of enchant armour {unknown}
 l - 2 scrolls of identify {unknown}
 m - a scroll of magic mapping {unknown}
Potions
 d - a potion of might
 e - a potion of curing {unknown}
 h - a potion of mutation {unknown}
 j - 2 potions of attraction {unknown}
 n - 2 potions of resistance {unknown}


   Skills:
 + Level 3.8 Fighting
 + Level 3.3 Axes
 + Level 4.5 Armour
 + Level 0.2 Dodging
 + Level 3.9 Shields
 * Level 1.3 Invocations


You had 2 spell levels left.
You didn't know any spells.
Your spell library was empty.

Dungeon Overview and Level Annotations

Branches:
Dungeon (3/15)

Altars:
Ashenzari

Annotations:
D:3 Robin


Innate Abilities, Weirdness & Mutations

You have a pair of horns on your head.
You reflexively headbutt those who attack you in melee.


Message History

You kill the goblin!
The goblin shoots a sling bullet.
You block the sling bullet. The goblin hits you but does no damage.
The goblin shoots a sling bullet.
The sling bullet hits you but does no damage.
Unknown command.
You miss the goblin. The goblin hits you but does no damage.
Robin throws the goblin at you!
Unknown command.
You closely miss the goblin. Your headbutt misses the goblin.
You closely miss the goblin.
The goblin hits you but does no damage. x2
You block the goblin's attack. The goblin barely misses you.
You closely miss the goblin. You hit the goblin.
The goblin no longer looks unusually strong.
You block the goblin's attack. The goblin hits you but does no damage.
Unknown command.
You hit the goblin.
You kill the goblin!
You closely miss the goblin.
Robin roars a battlecry!
The goblin goes into a battle-frenzy!
The goblin hits you with a +0 club.
* * * LOW HITPOINT WARNING * * *
The goblin attacks as you move away! The goblin closely misses you.
You furiously retaliate!
You headbutt the goblin.
You see here a +0 dagger.
The goblin no longer looks unusually strong.
Robin roars a battlecry!
The goblin goes into a battle-frenzy!
The goblin attacks as you move away! The goblin hits you with a +0 club.
* * * LOW HITPOINT WARNING * * *
The goblin attacks as you move away! You block the goblin's attack.
The goblin shoots a sling bullet.
The sling bullet barely misses you.
The goblin shoots a sling bullet.
The sling bullet hits you but does no damage.
The goblin shoots a sling bullet.
The sling bullet hits you.
* * * LOW HITPOINT WARNING * * *
The goblin shoots a sling bullet.
The sling bullet closely misses you.
The goblin no longer looks unusually strong.
The goblin hits you with a +0 club.
You die...

#....#.# ####+#>#....
#)...#.# #......#....
####.#.# #......#..##
#g#[# #......#..#
#g#'#### #####.....#
#......# #.....#
#......# #))...#
#.....g##########.....#
#......@..........<...#
#......##############.#
#......# #......#
#......# #.######
#.##############.#
#.............##.#
#############.##.#
#....# ######


You could see 2 goblins.

Vanquished Creatures
  An adder (D:2)
  A worm (D:2)
  A dart slug (D:2)
  4 endoplasms
  2 giant cockroaches (D:1)
  14 goblins
  6 hobgoblins
  7 ball pythons
  3 bats
  4 frilled lizards
  3 kobolds
  A rat (D:1)
47 creatures vanquished.

Notes
Turn   | Place    | Note
-------+----------+-------------------------------------------
     0 | D:1      | Keinsiegistauchsieg the Minotaur Fighter began the quest
                  | for the Orb.
     0 | D:1      | Reached XP level 1. HP: 19/19 MP: 0/0
   209 | D:1      | Reached skill level 4 in Armour
   209 | D:1      | Reached XP level 2. HP: 26/27 MP: 1/1
   359 | D:1      | Found a faded altar of an unknown god.
  1111 | D:2      | Reached XP level 3. HP: 30/33 MP: 2/2
  1175 | D:2      | Reached skill level 1 in Invocations
  1259 | D:2      | You fall into a shaft and drop 1 floor!
  1469 | D:2      | Found a broken altar of Ashenzari.
  2023 | D:3      | Noticed Robin
  2084 | D:3      | HP: 1/33 [goblin/sling bullet[Robin] (4)]
  2086 | D:3      | Slain by a goblin

Illustrated notes

Levels and vault maps discovered:
D:1:      lightli_arrival_quake, layout_basic, nicolae_ecumenical_snake_handling
D:2:      layout_loops_corners, basic_altar
D:3:      layout_basic, uniq_grinder, uniq_robin

Skill      XL: |  1  2  3 |
---------------+----------+-----
Armour         | 4 |  4.5
Axes           | 3 |  3.3
Invocations    | 1 |  1.3
Fighting       | |  3.8
Dodging        | |  0.2
Shields        | |  3.9

Action                   || total
-------------------------++-------
Melee: War axe           ||   101
       Headbutt          ||    12
Armor: Scale mail        ||    79
Dodge: Dodged            ||    72
Block: Buckler           ||    40

Table legend: (Time is in decaauts)
 A = Elapsed time spent in this place.
 B = Non-inter-level travel time spent in this place.
 C = Inter-level travel time spent in this place.
 D = Time resting spent in this place.
 E = Time spent auto-exploring this place.
 F = Levels seen in this place.
 G = Mean time per level.
                   A        B        C        D        E       F      G
               +--------+--------+--------+--------+--------+-----+--------+
         Total |   2126 |   2079 |     47 |      0 |   1685 |   3 |  708.7 |
       Dungeon |   2126 |   2079 |     47 |      0 |   1685 |   3 |  708.7 |
               +--------+--------+--------+--------+--------+-----+--------+

Top non-repeatable levels by time:
     D:2: 1039 daAuts
     D:1: 787 daAuts
     D:3: 299 daAuts
